 Dungeon Crawl Stone Soup version 0.29-a0-1061-gbc57f8fbdb (webtiles) character file.

Game seed: 1812158157983024785

120 BritishOli the Trooper (level 4, -6/37 HPs)
             Began as a Demonspawn Fighter on Aug 18, 2022.
             Mangled by a bullfrog (7 damage)
             ... in a sewer.
             The game lasted 00:03:20 (2778 turns).

BritishOli the Trooper (Demonspawn Fighter)         Turns: 2778, Time: 00:03:21

Health: -6/37      AC:  6    Str: 18    XL:     4   Next: 75%
Magic:  4/4        EV:  9    Int: 10    God:
Gold:   147        SH:  4    Dex: 12    Spells: 3/3 levels left

rFire   . . .      SeeInvis .   a - +0 long sword
rCold   . . .      Faith    .   c - +0 buckler
rNeg    . . .      Spirit   .   b - +0 scale mail
rPois   .          Reflect  .   (no helmet)
rElec   .          Harm     .   (no cloak)
rCorr   .          Rampage  .   (no gloves)
Will    .....                   (no boots)
Stlth   ..........              (no amulet)
HPRegen 0.12/turn               (no ring)
MPRegen 0.09/turn               (no ring)

@: no status effects
A: claws 1, weakness stinger 1
a: no special abilities


You were in a sewer.
You visited 1 branch of the dungeon, and saw 3 of its levels.
You also visited: Sewer.

You collected 147 gold pieces.

Inventory:

Hand Weapons
 a - a +0 long sword (weapon)
Armour
 b - a +0 scale mail (worn)
 c - a +0 buckler (worn)
Scrolls
 e - 3 scrolls of identify {unknown}
 g - a scroll of enchant weapon {unknown}
 h - a scroll of magic mapping {unknown}
 j - a scroll of noise {unknown}
 l - a scroll of torment {unknown}
 m - 3 scrolls of summoning {unknown}
 p - a scroll of teleportation {unknown}
 q - a scroll of vulnerability {unknown}
Potions
 d - a potion of might
 f - 2 potions of resistance {unknown}
 i - a potion of magic {unknown}
 k - a potion of mutation {unknown}
 n - a potion of heal wounds {unknown}
 o - a potion of haste {unknown}


   Skills:
 + Level 3.9 Fighting
 - Level 2.2 Long Blades
 + Level 3.5 Armour
 + Level 3.5 Shields


You had 3 spell levels left.
You didn't know any spells.
Your spell library contained the following spells:

 Spells                   Type           Power      Damage    Failure   Level
 Foxfire                  Conj/Fire      0%         2x1d4     83%         1
 Sting                    Tmut/Pois      0%         1d3       83%         1
 Poisonous Vapours        Pois/Air       0%         N/A       93%         2
 Call Canine Familiar     Summ           0%         N/A       99%         3
 Conjure Flame            Conj/Fire      0%         6-21      99%         3
 Inner Flame              Hex/Fire       0%         N/A       99%         3
 Portal Projectile        Hex/Tloc       0%         N/A       99%         3
 Flame Wave               Conj/Fire      0%         2d4       100%        4
 Leda's Liquefaction      Hex/Erth       0%         N/A       100%        4
 Olgreb's Toxic Radiance  Pois           0%         N/A       100%        4


Dungeon Overview and Level Annotations

Branches:
Dungeon (3/15)              Sewer (1/1)

Altars:

Annotations:
D:2 Sigmund


Innate Abilities, Weirdness & Mutations

You have sharp fingernails.
You have a small tail.


Message History

You closely miss the quokka. You tail-slap the quokka.
You kill the quokka!
The giant cockroach bites you.
The giant cockroach splashes around in the water.
A bullfrog comes into view.
The bullfrog croaks.
You hit the giant cockroach.
The giant cockroach is moderately wounded.
The giant cockroach bites you but does no damage. x2
You slash the giant cockroach!
You kill the giant cockroach!
The bullfrog closely misses you. The bullfrog hits you.
The bullfrog attacks as you move away! The bullfrog hits you.
The bullfrog barely misses you. The bullfrog hits you.
You see here a giant cockroach corpse.
The bullfrog hits you. x2
The bullfrog hits you.
* * * LOW HITPOINT WARNING * * *
The bullfrog misses you. The bullfrog completely misses you.
A bullfrog comes into view.
The bullfrog barely misses you.
The bullfrog moves out of view.
The bullfrog attacks as you move away! The bullfrog barely misses you.
The bullfrog hits you.
* * * LOW HITPOINT WARNING * * *
The bullfrog completely misses you.
You barely miss the bullfrog. You block the bullfrog's attack.
The bullfrog hits you.
* * * LOW HITPOINT WARNING * * *
You slash the bullfrog!
The bullfrog is moderately wounded.
The bullfrog hits you.
* * * LOW HITPOINT WARNING * * *
You block the bullfrog's attack.
You barely miss the bullfrog.
You tail-slap the bullfrog, but do no damage.
The bullfrog is moderately wounded.
The bullfrog hits you but does no damage.
The bullfrog hits you!
You die...

#
#####################
....................##
~~~~~~~~~~~~~~~~~~~..#
≈≈≈≈≈≈≈≈≈≈≈≈≈≈≈≈≈≈~~.#
~~~~~~~≈~~≈≈≈~~~~≈≈~.#
....~~≈~≈≈~~~~..~~≈~.#
~≈≈≈≈≈≈≈~~≈≈≈≈≈~.~≈~.#
≈~≈≈≈≈≈≈≈≈≈≈≈≈≈~@~≈~.#
~≈≈≈≈≈≈~~.~≈≈≈≈~F~≈~~#
≈≈≈≈≈~~~~~.~≈≈≈~~~≈~~#
≈≈≈≈~?~~~.≈≈~≈≈≈~~≈~~#
≈≈≈.?!).~.~≈≈~≈†~~≈~~#
≈≈.~.?)~.~~~≈≈~≈≈~≈~~#
≈≈≈~~.≈≈~...≈≈≈≈≈≈≈~÷#
≈≈~∩~~≈≈#≈≈≈~~#
≈≈≈~≈≈≈##≈≈≈~~#


You could see a bullfrog.

Vanquished Creatures
  3 adders
  A dart slug (D:1)
  3 orcs (D:3)
  9 ball pythons
  4 bats
  6 endoplasms
  9 giant cockroaches
  5 goblins
  3 hobgoblins
  8 jackals (D:2)
  2 kobolds (D:1)
  7 quokkas
  10 frilled lizards
  9 rats
79 creatures vanquished.

Vanquished Creatures (others)
  4 toadstools (D:1)
4 creatures vanquished.

Grand Total: 83 creatures vanquished

Notes
Turn   | Place    | Note
-------+----------+-------------------------------------------
     0 | D:1      | BritishOli the Demonspawn Fighter began the quest for the
                  | Orb.
     0 | D:1      | Reached XP level 1. HP: 18/18 MP: 1/1
   155 | D:1      | Discovered your monstrous ancestry.
   155 | D:1      | Gained mutation: You have sharp fingernails. [demonic
                  | ancestry]
   155 | D:1      | Reached XP level 2. HP: 18/24 MP: 2/2
   825 | D:1      | Gained mutation: You have a small tail. [demonic ancestry]
   825 | D:1      | Reached XP level 3. HP: 29/29 MP: 3/3
  1266 | D:2      | Noticed Sigmund
  2037 | D:3      | Found a glowing drain.
  2042 | D:3      | Reached XP level 4. HP: 27/36 MP: 4/4
  2056 | Sewer    | Entered a sewer
  2768 | Sewer    | Noticed a bullfrog
  2774 | Sewer    | Noticed a bullfrog
  2777 | Sewer    | HP: 1/37 [bullfrog (2)]
  2778 | Sewer    | Mangled by a bullfrog

Illustrated notes

Levels and vault maps discovered:
D:1:      ldierk_walled_garden_2, layout_loops_ring, minmay_heptomino_o4
D:2:      layout_loops_ring, uniq_sigmund
D:3:      layout_basic, portal_sewer_entry_b
Sewer:    sewer_frog_island_01

Skill      XL: |  1  2 |
---------------+-------+-----
Long Blades    | 2 |  2.2
Armour         | 3 |  3.5
Shields        | 3 |  3.5
Fighting       | |  3.9

Action                   |  1- 3 |  4- 6 || total
-------------------------+-------+-------++-------
Melee: Long sword        |   163 |    94 ||   257
       Tailslap          |    10 |    11 ||    21
Armor: Scale mail        |    77 |    73 ||   150
Dodge: Dodged            |    91 |    73 ||   164
Block: Buckler           |    34 |    38 ||    72

Table legend: (Time is in decaauts)
 A = Elapsed time spent in this place.
 B = Non-inter-level travel time spent in this place.
 C = Inter-level travel time spent in this place.
 D = Time resting spent in this place.
 E = Time spent auto-exploring this place.
 F = Levels seen in this place.
 G = Mean time per level.
                   A        B        C        D        E       F      G
               +--------+--------+--------+--------+--------+-----+--------+
         Total |   2905 |   2894 |     11 |    273 |   2017 |   4 |  726.2 |
       Dungeon |   2120 |   2109 |     11 |      0 |   1730 |   3 |  706.7 |
         Sewer |    784 |    784 |      0 |    273 |    287 |   1 |  784.0 |
               +--------+--------+--------+--------+--------+-----+--------+

Top non-repeatable levels by time:
     D:1: 942 daAuts
     D:3: 788 daAuts
   Sewer: 784 daAuts
     D:2: 390 daAuts
